 Dungeon Crawl Stone Soup version 0.18.1-48-g4cf74bf (webtiles) character file.

427 Joat the Shield-Bearer (level 6, -4/39 HPs)
             Began as an Octopode Earth Elementalist on Aug 10, 2016.
             Killed from afar by Elystan's ghost (11 damage)
             ... with a rocky blast
             ... on level 4 of the Dungeon.
             The game lasted 00:26:56 (3618 turns).

Joat the Shield-Bearer (OpEE)                       Turns: 3618, Time: 00:26:56

Health: -4/39      AC:  1    Str:  7    XL:     6   Next: 97%
Magic:  10/10      EV:  8    Int: 20    God:
Gold:   113        SH:  4    Dex: 12    Spells: 2 memorised, 6 levels left

rFire  . . .     SeeInvis .     b - staff of wizardry
rCold  + . .     Gourm    .     n - +0 buckler
rNeg   . . .     Faith    .     (helmet restricted)
rPois  .         Spirit   .     (no amulet)
rElec  .         Dismiss  .     g - ring of protection from cold
rCorr  .         Reflect  .     (no ring)
SustAt .         Harm     .     (no ring)
MR     .....                    (no ring)
Stlth  +++.......               (no ring)
                                (no ring)
                                (no ring)
                                (no ring)

@: not resistant to hostile enchantments, fairly stealthy
A: almost no armour, amphibious, 8 rings, constrict 8, camouflage 1, gelatinous
body 1
a: no special abilities


You were on level 4 of the Dungeon.
You were not hungry.

You visited 1 branch of the dungeon, and saw 4 of its levels.

You collected 113 gold pieces.

Inventory:

Missiles
 a - 76 stones (quivered)
Armour
 n - a +0 buckler (worn)
Magical Staves
 b - an uncursed staff of wizardry (weapon)
Jewellery
 g - a ring of protection from cold (left tentacle)
Wands
 o - a wand of hasting (0/9)
 t - a wand of flame (2/48)
Scrolls
 e - 4 scrolls of teleportation
 f - a scroll of remove curse {unknown}
 i - a scroll of fog {unknown}
 j - 4 scrolls of identify {unknown}
 k - a scroll of magic mapping {unknown}
 p - a scroll of recharging {unknown}
 q - a scroll of fear {unknown}
 r - a scroll of immolation {unknown}
 u - a scroll of amnesia {unknown}
 x - 2 scrolls of enchant weapon {unknown}
Potions
 d - a potion of curing
 l - a potion of invisibility
 v - a potion of brilliance {unknown}
 w - a potion of degeneration {unknown}
 B - a potion of resistance {unknown}
Books
 s - a book of Geomancy

   Spells                             Type                      Level
   a - Sandblast                      Earth                        1
   b - Passwall                       Transmutation/Earth          2
   c - Stone Arrow                    Conjuration/Earth            3
   d - Petrify                        Transmutation/Earth          4
   e - Lee's Rapid Deconstruction     Earth                        5
Comestibles
 c - a bread ration
 h - 5 chunks of flesh
 m - 4 meat rations
 z - a fruit
 A - a royal jelly


   Skills:
 + Level 2.2 Fighting
 + Level 1.4 Staves
 + Level 3.3 Dodging
 - Level 2.6 Stealth
 + Level 3.6 Shields
 - Level 1.1 Unarmed Combat
 + Level 2.9 Spellcasting
 + Level 2.1 Conjurations
   Level 1.0 Transmutations
 - Level 3.2 Earth Magic


You had 6 spell levels left.
You knew the following spells:

 Your Spells              Type           Power        Failure   Level  Hunger
a - Sandblast             Erth           ###...       2%          1    None
z - Stone Arrow           Conj/Erth      ##....       7%          3    ###....


Dungeon Overview and Level Annotations

Branches:
Dungeon (4/15)
 Temple: D:4-7

Altars:
Cheibriados
Ru
Trog

Annotations:
D:4 Elystan's ghost, amateur FoEE


Innate Abilities, Weirdness & Mutations

You cannot wear most types of armour.
You are amphibious.
You can wear up to eight rings at the same time.
You can use your tentacles to constrict eight enemies at once.
Your skin changes colour to match your surroundings (Stealth).
Your rubbery body absorbs attacks (AC +1).


Message History

Elystan's ghost says very slowly, "There's no hope."
Elystan's ghost points at you and mumbles some strange words.
The rocky blast hits you!
Evoke which item? (* to show all) (? for menu, Esc to quit)
Zapping:
o - a wand of hasting {zapped: 4} (will waste charges)
Press: ? - help, Shift-Dir - straight line, f - you Nothing appears to happen.
Elystan's ghost points at you and mumbles some strange words.
The rocky blast misses you.
Elystan's ghost points at you and mumbles some strange words.
The rocky blast hits you!
Found a fluorescent wand and a large jade amulet.
Found a stone staircase leading down.
Elystan's ghost casts a spell at you. The rocky blast hits you!
* * * LOW HITPOINT WARNING * * *
There is a stone staircase leading down here.
Elystan's ghost gestures at you while chanting.
The rocky blast hits you!
You die...

..#.#
#.#.######### ###
#.#.#........
...##.#.#.)......
#...............
####....#........
#......W#........
#.#.##..#........
#../.@.........
........#........
....."#.#........
#.....#.#########
#.#####.# ## #.#
#.# ..#


You could see Elystan's ghost.

Vanquished Creatures
  Sigmund (D:3)
  Ijyb (D:3)
  Natasha (thrice) (D:2)
  Terence (D:3)
  A howler monkey skeleton (D:4)
  5 adders
  An ooze (D:3)
  4 worms
  A dart slug (D:1)
  5 giant geckos
  2 orcs (D:4)
  2 ball pythons
  5 bats
  5 giant cockroaches
  7 hobgoblins
  3 jackals (D:3)
  9 kobolds
  2 quokkas
  A giant newt (D:3)
  12 goblins
  5 rats
76 creatures vanquished.

Notes
Turn   | Place    | Note
--------------------------------------------------------------
     0 | D:1      | Joat the Octopode Earth Elementalist began the quest for the Orb.
     0 | D:1      | Reached XP level 1. HP: 11/11 MP: 3/3
   389 | D:1      | Reached XP level 2. HP: 4/17 MP: 0/5
   660 | D:1      | Reached skill level 1 in Unarmed Combat
   704 | D:1      | Found a snail-covered altar of Cheibriados.
   933 | D:1      | Reached XP level 3. HP: 22/22 MP: 6/6
  1164 | D:2      | Noticed Natasha
  1169 | D:2      | Killed Natasha
  1169 | D:2      | Reached XP level 4. HP: 14/27 MP: 2/7
  1231 | D:2      | Noticed Natasha
  1311 | D:2      | Killed Natasha
  1337 | D:2      | Learned a level 3 spell: Stone Arrow
  1435 | D:2      | Noticed Natasha
  1448 | D:2      | Killed Natasha
  1448 | D:2      | Reached skill level 1 in Fighting
  1448 | D:2      | Reached XP level 5. HP: 21/33 MP: 2/8
  1853 | D:3      | Noticed Terence
  1853 | D:3      | Noticed Ijyb
  1944 | D:3      | Killed Terence
  2262 | D:3      | Killed Ijyb
  2262 | D:3      | Reached skill level 1 in Conjurations
  2643 | D:3      | Noticed Sigmund
  2658 | D:3      | Killed Sigmund
  2658 | D:3      | Reached skill level 1 in Staves
  2658 | D:3      | Reached XP level 6. HP: 35/39 MP: 6/10
  2995 | D:3      | Found a bloodstained altar of Trog.
  3000 | D:3      | Found a sacrificial altar of Ru.
  3607 | D:4      | Noticed Elystan's ghost (amateur FoEE)
  3618 | D:4      | Killed from afar by Elystan's ghost

Skill      XL: |  1  2  3  4  5  6 |
---------------+-------------------+-----
Unarmed Combat | 1 |  1.1
Shields        | 2 3 |  3.6
Fighting       | 1 2 |  2.2
Conjurations   | 1 2 |  2.1
Dodging        | 3 |  3.3
Staves         | 1 |  1.4
Stealth        | |  2.6
Spellcasting   | |  2.9
Transmutations | |  1.0
Earth Magic    | |  3.2

Action                   |  1- 3 |  4- 6 || total
-------------------------+-------+-------++-------
Melee: Unarmed           |    16 |     3 ||    19
       Constrict         |     6 |    23 ||    29
       Tentacles         |     2 |    12 ||    14
       Staff             |       |    99 ||    99
 Cast: Sandblast         |    34 |    59 ||    93
       Stone Arrow       |       |     1 ||     1
Evoke: Wand              |       |     6 ||     6
  Use: Potion            |       |     2 ||     2
       Scroll            |       |     1 ||     1
 Stab: Sleeping          |       |     9 ||     9
  Eat: Chunk             |     1 |     4 ||     5
       Bread ration      |       |     1 ||     1
Armor: Skin              |     3 |    12 ||    15
Dodge: Dodged            |    21 |    81 ||   102
Block: Buckler           |       |    36 ||    36
